MWL (24 & UNDER)
BEMIDJI BENDERS @ WISCONSIN RAPIDS RANGERS
05/31/2023
 
TOP OF THE 1ST
Bemidji Benders batting - Pitching for Wisconsin Rapids Rangers : RHP Mike Love
Pitching: RHP Mike Love
Batting: RHB António López 0-0: Called Strike
0-1: Ball
1-1: SINGLE (Groundball, 56D)
Batting: LHB Pedro Cerda 0-0: Ball
1-0: Called Strike
1-1: Fly out, F7 (Flyball, 7D)
Batting: LHB Willie Wallace 0-0: Ball
1-0: Foul Ball, location: 2F
1-1: Called Strike
1-2: Ball
2-2: Strikes out swinging
Batting: SHB Rob Grun 0-0: Swinging Strike
0-1: Foul Ball, location: 2F
0-2: Foul Ball, location: 2F
0-2: Ball
António López steals 2nd base
1-2: Fly out, F7 (Flyball, 7M)
Top of the 1st over - 0 run(s), 1 hit(s), 0 error(s), 1 left on base; Bemidji 0 - Wisconsin Rapids 0
BOTTOM OF THE 1ST
Wisconsin Rapids Rangers batting - Pitching for Bemidji Benders : RHP Cristián Torres
Pitching: RHP Cristián Torres
Batting: LHB Ramón Córdova 0-0: Ball
1-0: Foul Ball, location: 2F
1-1: Ball
2-1: Ball
3-1: Foul Ball, location: 2F
3-2: Foul Ball, location: 2F
3-2: Base on Balls
Batting: RHB Jeffrey Lee 0-0: Ball
1-0: Foul Ball, location: 2F
1-1: Called Strike
1-2: Foul Ball, location: 2F
1-2: Ball
2-2: Foul Ball, location: 2F
2-2: Ball
3-2: Foul Ball, location: 2F
3-2: Strikes out swinging
Batting: RHB Tom Thompson 0-0: Ball
1-0: Called Strike
1-1: Called Strike
1-2: Grounds into double play, 5-4-3 (Groundball, 5L)
Bottom of the 1st over - 0 run(s), 0 hit(s), 0 error(s), 0 left on base; Bemidji 0 - Wisconsin Rapids 0
TOP OF THE 2ND
Bemidji Benders batting - Pitching for Wisconsin Rapids Rangers : RHP Mike Love
Batting: RHB Alfredo López 0-0: Ball
1-0: Called Strike
1-1: Foul Ball, location: 2F
1-2: Ball
2-2: Strikes out swinging
Batting: SHB Edgardo Osorio 0-0: Called Strike
0-1: Foul Ball, location: 2F
0-2: Strikes out looking
Batting: RHB Esteban Salas 0-0: Called Strike
0-1: Ball
1-1: Ground out 6-3 (Groundball, 6)
Top of the 2nd over - 0 run(s), 0 hit(s), 0 error(s), 0 left on base; Bemidji 0 - Wisconsin Rapids 0
BOTTOM OF THE 2ND
Wisconsin Rapids Rangers batting - Pitching for Bemidji Benders : RHP Cristián Torres
Batting: RHB Arturo Rodríguez 0-0: SINGLE (Line Drive, 34D)
Batting: RHB Danny Campbell 0-0: Ball
1-0: Called Strike
1-1: Swinging Strike
1-2: Ball
2-2: Foul Ball, location: 2F
2-2: Strikes out looking
Batting: RHB Vernon Romo 0-0: Ball
1-0: Called Strike
1-1: Ball
2-1: Swinging Strike
2-2: Grounds into double play, 6-4-3 (Groundball, 6)
Bottom of the 2nd over - 0 run(s), 1 hit(s), 0 error(s), 0 left on base; Bemidji 0 - Wisconsin Rapids 0
TOP OF THE 3RD
Bemidji Benders batting - Pitching for Wisconsin Rapids Rangers : RHP Mike Love
Batting: RHB Claudio Souza 0-0: SINGLE (Line Drive, 78S)
Batting: RHB Roberto Solís 0-0: Ball
1-0: DOUBLE (Groundball, 5L)
Claudio Souza to third
Batting: RHB António López 0-0: Called Strike
0-1: Called Strike
0-2: DOUBLE (Line Drive, 7LM)
Claudio Souza scores
Roberto Solís scores
Batting: LHB Pedro Cerda 0-0: Ball
1-0: Called Strike
1-1: SINGLE (Line Drive, 9S)
António López to third
Runner from 3rd tries for Home, SAFE, no throw or cutoff
Batting: LHB Willie Wallace 0-0: Called Strike
0-1: Called Strike
0-2: 2-RUN HOME RUN (Flyball, 9D), Distance : 355 ft
Batting: SHB Rob Grun 0-0: Called Strike
0-1: Ball
1-1: Called Strike
1-2: Strikes out swinging
Batting: RHB Alfredo López 0-0: Swinging Strike
0-1: Called Strike
0-2: Strikes out looking
Batting: SHB Edgardo Osorio 0-0: Called Strike
0-1: Ball
1-1: Called Strike
1-2: SINGLE (Groundball, 4MD)
Batting: RHB Esteban Salas 0-0: Ball
Edgardo Osorio steals 2nd base
1-0: Ball
2-0: Fly out, F8 (Line Drive, 8LM)
Top of the 3rd over - 5 run(s), 6 hit(s), 0 error(s), 1 left on base; Bemidji 5 - Wisconsin Rapids 0
BOTTOM OF THE 3RD
Wisconsin Rapids Rangers batting - Pitching for Bemidji Benders : RHP Cristián Torres
Batting: RHB Robert Acosta 0-0: Fly out, F8 (Flyball, 8LM)
Batting: RHB Ray Little 0-0: Ball
1-0: Ball
2-0: Fly out, F3 (Line Drive, 34)
Batting: LHB Ron Robinson 0-0: Ball
1-0: Called Strike
1-1: Ground out U3 (Groundball, 3S)
Bottom of the 3rd over - 0 run(s), 0 hit(s), 0 error(s), 0 left on base; Bemidji 5 - Wisconsin Rapids 0
TOP OF THE 4TH
Bemidji Benders batting - Pitching for Wisconsin Rapids Rangers : RHP Mike Love
Batting: RHB Claudio Souza 0-0: Ball
1-0: Ball
2-0: Ball
3-0: Called Strike
3-1: Called Strike
3-2: Foul Ball, location: 2F
3-2: DOUBLE (Flyball, 8LM)
Batting: RHB Roberto Solís 0-0: Ball
1-0: Ball
2-0: Ball
3-0: Base on Balls
Batting: RHB António López 0-0: Ball
1-0: Ball
2-0: Foul Ball, location: 2F
2-1: Fielders Choice at 2nd, 3-6 (Groundball, 34)
Claudio Souza to third
Batting: LHB Pedro Cerda 0-0: Ball
1-0: Ball
2-0: Fielders Choice at 2nd, 3-6 (Groundball, 3)
Claudio Souza scores
Batting: LHB Willie Wallace 0-0: SINGLE (Groundball, 5D)
Pedro Cerda to second
Runner from 2nd tries for 3rd, SAFE, throw made to third
Batting: SHB Rob Grun 0-0: DOUBLE (Flyball, 89XD)
Pedro Cerda scores
Willie Wallace to third
Runner from 3rd tries for Home, SAFE, no throw or cutoff
Pitching: RHP Ray Adams
Batting: RHB Alfredo López 0-0: Ball
1-0: Foul Ball, location: 2F
1-1: Foul Ball, location: 2F
1-2: Ball
2-2: Foul Ball, location: 2F
2-2: SINGLE (Flyball, 78S)
Rob Grun to third
Runner from 3rd tries for Home, SAFE, no throw or cutoff
Batting: SHB Edgardo Osorio 0-0: Ball
1-0: Called Strike
1-1: Ground out 3-1 (Groundball, 34)
Top of the 4th over - 4 run(s), 4 hit(s), 0 error(s), 1 left on base; Bemidji 9 - Wisconsin Rapids 0
BOTTOM OF THE 4TH
Wisconsin Rapids Rangers batting - Pitching for Bemidji Benders : RHP Cristián Torres
Batting: LHB Ramón Córdova 0-0: Ball
1-0: Fly out, F7 (Flyball, 7LM)
Batting: RHB Jeffrey Lee 0-0: Ground out U3 (Groundball, 3)
Batting: RHB Tom Thompson 0-0: Ground out 4-3 (Groundball, 4M)
Bottom of the 4th over - 0 run(s), 0 hit(s), 0 error(s), 0 left on base; Bemidji 9 - Wisconsin Rapids 0
TOP OF THE 5TH
Bemidji Benders batting - Pitching for Wisconsin Rapids Rangers : RHP Ray Adams
Batting: RHB Esteban Salas 0-0: Fly out, F6 (Popup, 6M)
Batting: RHB Claudio Souza 0-0: Swinging Strike
0-1: Ball
1-1: Ball
2-1: Swinging Strike
2-2: Strikes out swinging
Batting: RHB Roberto Solís 0-0: Swinging Strike
0-1: Called Strike
0-2: Strikes out swinging
Top of the 5th over - 0 run(s), 0 hit(s), 0 error(s), 0 left on base; Bemidji 9 - Wisconsin Rapids 0
BOTTOM OF THE 5TH
Wisconsin Rapids Rangers batting - Pitching for Bemidji Benders : RHP Cristián Torres
Batting: RHB Arturo Rodríguez 0-0: Ball
1-0: Called Strike
1-1: DOUBLE (Line Drive, 9LS)
Batting: RHB Danny Campbell 0-0: Ball
1-0: Foul Ball, location: 2F
1-1: Ball
2-1: Foul Ball, location: 2F
2-2: Ground out 6-3 (Groundball, 6M)
Arturo Rodríguez to third
Batting: RHB Vernon Romo 0-0: Called Strike
0-1: Swinging Strike
0-2: Strikes out looking
Batting: RHB Robert Acosta 0-0: Called Strike
0-1: Foul Ball, location: 2F
0-2: Ball
1-2: Strikes out swinging
Bottom of the 5th over - 0 run(s), 1 hit(s), 0 error(s), 1 left on base; Bemidji 9 - Wisconsin Rapids 0
TOP OF THE 6TH
Bemidji Benders batting - Pitching for Wisconsin Rapids Rangers : RHP Ray Adams
Batting: RHB António López 0-0: Called Strike
0-1: SINGLE (Flyball, 9LS)
Batting: LHB Pedro Cerda 0-0: Ball
1-0: SINGLE (Groundball, 56) (infield hit)
António López to second
Batting: LHB Willie Wallace 0-0: Called Strike
0-1: SINGLE (Flyball, 7LS)
António López to third
Pedro Cerda to second
Runner from 3rd tries for Home, SAFE, no throw or cutoff
Pinch Hitting: SHB José Cruz 0-0: Called Strike
0-1: Ball
1-1: Foul Ball, location: 2F
1-2: Foul Ball, location: 2F
1-2: Strikes out swinging
Batting: RHB Alfredo López 0-0: DOUBLE (Line Drive, 8LD)
Pedro Cerda scores
Willie Wallace to third
Runner from 3rd tries for Home, SAFE, no throw or cutoff
Batting: SHB Edgardo Osorio 0-0: Ball
1-0: Ball
2-0: Ball
3-0: Called Strike
3-1: Base on Balls
Batting: RHB Esteban Salas 0-0: Ball
1-0: Ball
2-0: Ball
3-0: Base on Balls
Alfredo López to third
Edgardo Osorio to second
Batting: RHB Claudio Souza 0-0: Ball
1-0: Ball
2-0: Foul Ball, location: 2F
2-1: Ball
3-1: Grounds into fielders choice 1-2 (Groundball, 15)
Edgardo Osorio to third
Esteban Salas to second
Batting: RHB Roberto Solís 0-0: Ball
1-0: Ball
2-0: Fly out, F7 (Flyball, 7S)
Top of the 6th over - 3 run(s), 4 hit(s), 0 error(s), 3 left on base; Bemidji 12 - Wisconsin Rapids 0
BOTTOM OF THE 6TH
Wisconsin Rapids Rangers batting - Pitching for Bemidji Benders : RHP Cristián Torres
Now in RF: José Cruz
Batting: RHB Ray Little 0-0: Called Strike
0-1: Foul Ball, location: 2F
0-2: Strikes out swinging
Batting: LHB Ron Robinson 0-0: Ball
1-0: Ball
2-0: Ball
3-0: Called Strike
3-1: Base on Balls
Batting: LHB Ramón Córdova 0-0: Ball
1-0: Ball
2-0: Called Strike
2-1: Called Strike
2-2: SINGLE (Flyball, 78S)
Ron Robinson to second
Ron Robinson to third
Batting: RHB Jeffrey Lee 0-0: Ball
Ramón Córdova steals 2nd base
1-0: Foul Ball, location: 2F
1-1: SINGLE (Line Drive, 6D)
Ron Robinson scores
Ramón Córdova to third
Batting: RHB Tom Thompson 0-0: Called Strike
0-1: Foul Ball, location: 2F
0-2: Ball
1-2: DOUBLE (Flyball, 78D)
Ramón Córdova scores
Jeffrey Lee to third
Runner from 3rd tries for Home, SAFE, throw made home
Batting: RHB Arturo Rodríguez 0-0: Called Strike
0-1: Ball
1-1: Ball
Tom Thompson steals 3rd base
2-1: Swinging Strike
2-2: Strikes out looking
Batting: RHB Danny Campbell 0-0: Called Strike
0-1: Foul Ball, location: 2F
0-2: SINGLE (Line Drive, 9S)
Tom Thompson scores
Pitching: LHP José Escalona
Batting: RHB Vernon Romo 0-0: Ball
1-0: Foul Ball, location: 2F
1-1: Ball
2-1: Foul Ball, location: 2F
2-2: Strikes out looking
Bottom of the 6th over - 4 run(s), 4 hit(s), 0 error(s), 1 left on base; Bemidji 12 - Wisconsin Rapids 4
TOP OF THE 7TH
Bemidji Benders batting - Pitching for Wisconsin Rapids Rangers : RHP Ray Adams
Pitching: RHP Christian Adkins
Batting: RHB António López 0-0: Ball
1-0: Foul Ball, location: 2F
1-1: Foul Ball, location: 2F
1-2: Strikes out swinging
Batting: LHB Pedro Cerda 0-0: Ball
1-0: Ball
2-0: Called Strike
2-1: Foul Ball, location: 2F
2-2: Ball
3-2: Base on Balls
Batting: LHB Willie Wallace 0-0: Ball
1-0: Ball
Wild Pitch!
Pedro Cerda to second
2-0: Swinging Strike
2-1: Ball
3-1: Base on Balls
Batting: SHB José Cruz 0-0: Ball
1-0: Ball
2-0: Ball
3-0: Called Strike
3-1: Foul Ball, location: 2F
3-2: Base on Balls
Pedro Cerda to third
Willie Wallace to second
Batting: RHB Alfredo López 0-0: Foul Ball, location: 2F
0-1: Ball
1-1: Foul Ball, location: 2F
1-2: Strikes out swinging
Batting: SHB Edgardo Osorio 0-0: SINGLE (Popup, 89S)
Pedro Cerda scores
Willie Wallace to third
José Cruz to second
Runner from 3rd tries for Home, SAFE, no throw or cutoff
Batting: RHB Esteban Salas 0-0: Ball
1-0: Called Strike
1-1: Foul Ball, location: 2F
1-2: Ball
2-2: Strikes out swinging
Top of the 7th over - 2 run(s), 1 hit(s), 0 error(s), 2 left on base; Bemidji 14 - Wisconsin Rapids 4
BOTTOM OF THE 7TH
Wisconsin Rapids Rangers batting - Pitching for Bemidji Benders : LHP José Escalona
Batting: RHB Robert Acosta 0-0: Ball
1-0: Called Strike
Single, Error in OF, E7, batter to second base
Batting: RHB Ray Little 0-0: Swinging Strike
0-1: Ball
1-1: Ball
2-1: SINGLE (Line Drive, 34D)
Robert Acosta to third
Batting: LHB Ron Robinson 0-0: Ball
1-0: Ball
2-0: Ball
3-0: Base on Balls
Ray Little to second
Batting: LHB Ramón Córdova 0-0: Called Strike
0-1: Foul Ball, location: 2F
0-2: Foul Ball, location: 2F
0-2: Foul Ball, location: 2F
0-2: Ball
1-2: Ball
2-2: Ball
This league is powered by Out of the Park Baseball, the baseball management simulation game for PC, Mac and Linux
Wednesday, December 2nd, 2015 - OOTP Baseball 16.8 Build 38